 Dungeon Crawl Stone Soup version 0.19.0-19-g8c6edcc (webtiles) character file.

22201 mmcf the Bludgeoner (level 12, -25/113 HPs)
             Began as a Minotaur Berserker on Nov 13, 2016.
             Was a High Priest of Trog.
             Annihilated by an orc knight
             ... wielding a +0 glaive
              (42 damage)
             ... in a bailey.
             The game lasted 00:26:21 (14352 turns).

mmcf the Bludgeoner (Minotaur Berserker)           Turns: 14352, Time: 00:26:21

Health: -25/113    AC: 15    Str: 22    XL:     12   Next: 60%
Magic:  11/11      EV: 17    Int:  4    God:    Trog [*****.]
Gold:   943        SH:  0    Dex: 14    Spells: 0 memorised, 11 levels left

rFire  . . .     SeeInvis +     a - +0 dire flail
rCold  + + .     Gourm    .     s - +1 chain mail {rPois}
rNeg   . . .     Faith    .     (shield currently unavailable)
rPois  +         Spirit   .     M - +1 hat {SInv}
rElec  .         Reflect  .     d - +0 cloak
rCorr  .         Harm     .     T - +0 pair of gloves of Vedee {rC++ Int-3 Dex+2} (curse)
MR     ++...                    (no boots)
Stlth  ..........               (no amulet)
                                L - ring of stealth
                                h - +5 ring of evasion

@: regenerating
A: retaliatory headbutt, horns 2
a: Berserk, Trog's Hand, Brothers in Arms, Burn Spellbooks, Renounce Religion


You were in a bailey.
You worshipped Trog.
Trog was extremely pleased with you.
You were not hungry.

You visited 2 branches of the dungeon, and saw 14 of its levels.
You also visited: Ossuary, Bailey and Ice Cave.

You collected 943 gold pieces.

Inventory:

Hand Weapons
 a - a +0 dire flail (weapon)
 b - a +11 hunting sling
 x - a +0 blowgun
Missiles
 C - 6 tomahawks of returning (quivered)
 F - 40 poisoned needles
 K - 99 sling bullets
Armour
 d - a +0 cloak (worn)
 s - a +1 chain mail of poison resistance (worn)
 M - a +1 hat of see invisible (worn)
 T - the cursed +0 pair of gloves of Vedee (worn) {rC++ Int-3 Dex+2}
   (You found it on level 11 of the Dungeon)

   It affects your intelligence (-3).
   It affects your dexterity (+2).
   It greatly protects you from cold.
   It has a curse placed upon it.
Jewellery
 h - a +5 ring of evasion (left hand)
 j - an uncursed ring of positive energy
 t - an uncursed ring of fire
 E - an uncursed ring of flight
 L - a ring of stealth (right hand)
 S - an uncursed ring of teleportation
Wands
 l - a wand of lightning (6/15)
 q - a wand of disintegration (12/24)
 N - a wand of enslavement (20/24)
 R - a wand of polymorph (10/24)
Scrolls
 g - a scroll of teleportation
 m - 7 scrolls of remove curse
 n - 3 scrolls of enchant armour
 p - a scroll of blinking
 P - a scroll of fear
Potions
 e - 3 potions of might {unknown}
 f - 6 potions of lignification
 k - 3 potions of flight
 o - 6 potions of cancellation
 u - a potion of magic
 v - 3 potions of heal wounds
 z - 10 potions of curing
 A - 3 potions of resistance {unknown}
 D - 4 potions of agility
 H - a potion of brilliance {unknown}
 I - a potion of haste {unknown}
 J - a potion of mutation {unknown}
Comestibles
 c - 8 bread rations
 i - 7 meat rations
 r - 5 chunks of flesh
 B - 13 fruits


   Skills:
 + Level 12.7 Fighting
 * Level 16.5 Maces & Flails
 - Level 3.5(5.9) Slings
 + Level 6.8(7.1) Throwing
 - Level 8.0 Armour
 - Level 7.1 Dodging


You had 11 spell levels left.
You didn't know any spells.

Dungeon Overview and Level Annotations

Branches:
Dungeon (12/15)            Temple (0/1) D:6            Lair (0/6) D:11
    Orc (2/2) D:9
    Elf: Orc:2

Altars:
Ashenzari
Gozag
Makhleb
Trog
Zin
The Shining One

Shops:
D:8 (


Innate Abilities, Weirdness & Mutations

You reflexively headbutt those who attack you in melee.
You have a pair of horns on your head.


Message History

You hit the orc knight.
The orc knight is lightly wounded.
Your chain mail prevents you from hitting the orc knight.
The orc knight is lightly wounded.
The orc knight completely misses you. The orc knight hits you with a glaive!!
You hit the orc knight but do no damage.
Your headbutt misses the orc knight.
The orc knight is lightly wounded.
Your chain mail prevents you from hitting the orc knight.
The orc knight is lightly wounded.
The orc knight hits you from afar with a halberd!
* * * LOW HITPOINT WARNING * * *
Your skin crawls.
You feel resistant to hostile enchantments.
You feel quite a bit more hungry.
The gnoll dissolves into shadows!
The orc knight hits you with a glaive!!
* * * LOW HITPOINT WARNING * * *
The orc knight completely misses you.
The orc knight hits you from afar with a glaive!!!
You die...

############ #######
##.∩........## ##.....#######
#........)...######.......#.....
#.....))))...#.)))#o......'.....
#∩(...).)))..'.@)ooo.g....'.....
#.......))...#.)))#o......'.=...
#............######.......#.....
##.∩........## ##.....#######
############ #######


You could see 3 orc knights, an orc warrior, a gnoll and an orc.

Vanquished Creatures
  Gastronok (D:8)
  A frost giant (IceCv)
  The ghost of Mlkhall the Protected, a novice GrWz of Sif Muna (D:9)
  The ghost of Endymion the Cleaver, a novice DDFi of Elyvilon (D:8)
  A hill giant (D:10)
  An ugly thing (D:11)
  A cyclops (D:11)
  Joseph (D:8)
  An ice statue (IceCv)
  2 gargoyles
  A troll (D:9)
  Grinder (D:5)
  17 polar bears (IceCv)
  The ghost of BorisBritva the Poker, an amateur DsGl of Nemelex Xobeh (D:4)
  2 two-headed ogres
  A hippogriff (D:11)
  A wraith (D:10)
  16 yaks (IceCv)
  A wyvern (D:9)
  3 basilisks
  6 porcupines
  4 sky beasts
  10 ice beasts
  A black bear (D:10)
  A phantom (D:7)
  A necrophage (D:12)
  11 orc warriors
  7 ogres
  3 centaurs
  8 wolves (IceCv)
  2 crocodiles (D:11)
  A big kobold (D:8)
  7 bullfrogs
  A gnoll sergeant (D:10)
  A wyvern zombie (D:9)
  A wyvern skeleton (D:9)
  3 scorpions (D:8)
  A water moccasin skeleton (D:11)
  9 howler monkeys
  2 crimson imps
  A centaur zombie (D:7)
  2 bullfrog zombies (D:11)
  2 jellies
  A quasit (D:8)
  4 hounds
  14 orc wizards
  8 orc priests
  Crazy Yiuf (D:2)
  4 bullfrog skeletons
  3 centaur skeletons
  Natasha (twice) (D:3)
  11 iguanas
  5 worker ants
  A hound zombie (D:9)
  8 mummies (Ossuary)
  8 gnolls
  A howler monkey skeleton (D:8)
  3 river rats (D:11)
  10 adders
  A shadow imp (D:6)
  An ooze (D:3)
  2 adder zombies
  3 worms (D:3)
  3 dart slugs
  7 leopard geckos
  61 orcs
  6 bats
  6 giant cockroaches
  A gnoll zombie (Ossuary)
  14 goblins
  9 hobgoblins
  19 jackals
  6 quokkas
  2 ball pythons
  9 frilled lizards
  2 giant cockroach zombies (D:5)
  A goblin skeleton (D:8)
  A goblin zombie (D:8)
  5 hobgoblin zombies
  A jackal skeleton (D:8)
  12 kobolds
  2 kobold skeletons (D:8)
  4 kobold zombies
  A leopard gecko zombie (D:5)
  3 orc skeletons (D:8)
  3 orc zombies
  A quokka skeleton (D:7)
  8 rats
418 creatures vanquished.

Vanquished Creatures (others)
  2 wolves (IceCv)
2 creatures vanquished.

Grand Total: 420 creatures vanquished

Notes
Turn   | Place    | Note
-------+----------+-------------------------------------------
     0 | D:1      | mmcf the Minotaur Berserker began the quest for the Orb.
     0 | D:1      | Reached XP level 1. HP: 19/19 MP: 0/0
   270 | D:1      | Reached XP level 2. HP: 25/27 MP: 1/1
   824 | D:1      | Reached skill level 4 in Maces & Flails
  1083 | D:2      | Reached ** piety under Trog
  1103 | D:2      | Reached XP level 3. HP: 33/33 MP: 2/2
  1107 | D:2      | Found a shattered altar of Ashenzari.
  1114 | D:2      | You fall through a shaft!
  1238 | D:3      | Noticed Natasha
  1249 | D:3      | Killed Natasha
  1249 | D:3      | Reached XP level 4. HP: 31/41 MP: 3/3
  1516 | D:2      | Reached skill level 5 in Maces & Flails
  1767 | D:2      | Found a runed door.
  1811 | D:2      | Noticed Crazy Yiuf
  1815 | D:2      | Killed Crazy Yiuf
  1815 | D:2      | Reached XP level 5. HP: 47/47 MP: 4/4
  2054 | D:3      | Reached *** piety under Trog
  2589 | D:3      | Noticed Natasha
  2594 | D:3      | Killed Natasha
  2920 | D:4      | Reached skill level 6 in Maces & Flails
  2926 | D:4      | Reached XP level 6. HP: 50/55 MP: 5/5
  2969 | D:5      | Entered Level 5 of the Dungeon
  3098 | D:4      | Reached skill level 5 in Fighting
  3152 | D:4      | Noticed BorisBritva's ghost (amateur DsGl)
  3162 | D:4      | Killed BorisBritva's ghost
  3162 | D:4      | Reached skill level 7 in Maces & Flails
  3162 | D:4      | Reached XP level 7. HP: 61/61 MP: 6/6
  3257 | D:4      | Reached **** piety under Trog
  3287 | D:4      | Reached skill level 5 in Armour
  3812 | D:5      | Reached skill level 8 in Maces & Flails
  3882 | D:5      | Noticed Grinder
  3889 | D:5      | Killed Grinder
  3889 | D:5      | Reached skill level 5 in Dodging
  3889 | D:5      | Reached XP level 8. HP: 51/71 MP: 7/7
  4550 | D:6      | Found an opulent altar of Gozag.
  4793 | D:6      | Reached skill level 9 in Maces & Flails
  4897 | D:7      | Found a sand-covered staircase.
  4948 | Ossuary  | Entered an ossuary
  5564 | D:6      | Reached XP level 9. HP: 79/79 MP: 8/8
  5847 | D:8      | Noticed Joseph
  5856 | D:8      | Killed Joseph
  5856 | D:8      | Reached skill level 10 in Maces & Flails
  6218 | D:8      | Reached ***** piety under Trog
  6779 | D:6      | Found a staircase to the Ecumenical Temple.
  7071 | D:6      | Found a burning altar of Makhleb.
  7179 | D:7      | Reached skill level 11 in Maces & Flails
  7409 | D:8      | Found a glowing golden altar of the Shining One.
  7622 | D:8      | Noticed Endymion's ghost (novice DDFi)
  7636 | D:8      | Killed Endymion's ghost
  7636 | D:8      | Reached XP level 10. HP: 91/91 MP: 9/9
  7937 | D:8      | Noticed Gastronok
  8017 | D:8      | Killed Gastronok
  8017 | D:8      | Reached skill level 12 in Maces & Flails
  8186 | D:8      | Found Kegg's Weapon Emporium.
  8360 | D:8      | Found a bloodstained altar of Trog.
  8454 | D:8      | Found a glowing silver altar of Zin.
  8637 | D:8      | Reached skill level 10 in Fighting
  8945 | D:9      | Noticed Mlkhall's ghost (novice GrWz)
  8969 | D:9      | Killed Mlkhall's ghost
  8969 | D:9      | Reached skill level 13 in Maces & Flails
  8969 | D:9      | Reached skill level 1 in Throwing
  9000 | D:10     | Entered Level 10 of the Dungeon
  9187 | D:9      | Found a staircase to the Orcish Mines.
  9236 | Orc:1    | Entered Level 1 of the Orcish Mines
  9243 | Orc:2    | Entered Level 2 of the Orcish Mines
  9271 | Orc:1    | Reached XP level 11. HP: 91/101 MP: 10/10
  9596 | D:9      | Received a gift from Trog
 10483 | D:11     | Noticed a white ugly thing
 10503 | D:11     | Noticed a hill giant
 10544 | D:10     | Killed a hill giant
 10544 | D:10     | Reached skill level 14 in Maces & Flails
 10589 | D:11     | Killed a white ugly thing
 10622 | D:11     | HP: 5/102 [basilisk (7)]
 10683 | D:11     | Found a frozen archway.
 10694 | D:11     | Received a gift from Trog
 10710 | IceCv    | Entered an ice cave
 11913 | IceCv    | Reached skill level 5 in Throwing
 11990 | IceCv    | Reached skill level 15 in Maces & Flails
 12474 | IceCv    | Reached XP level 12. HP: 102/112 MP: 11/11
 12959 | IceCv    | Noticed a frost giant
 12991 | IceCv    | Killed a frost giant
 12996 | IceCv    | Reached skill level 16 in Maces & Flails
 13431 | D:11     | Found a staircase to the Lair.
 13645 | D:11     | Got a pair of dazzling gloves
 13651 | D:11     | Identified the cursed +0 pair of gloves of Vedee {rC++ Int-3 Dex+2} (You found it on level 11 of the Dungeon)
 13786 | D:12     | Found a flagged portal.
 13841 | D:12     | Received a gift from Trog
 13867 | Bailey   | Entered a bailey
 14352 | Bailey   | Annihilated by an orc knight

Skill      XL: |  1  2  3  4  5  6  7  8  9 10 11 12 |
---------------+-------------------------------------+-----
Maces & Flails | 4 5 6 7 8 9 11 13 15 16 | 16.5
Fighting       | 4 5 6 7 9 10 11 12 | 12.7
Armour         | 3 4 5 6 7 8 |  8.0
Dodging        | 3 4 5 7 |  7.1
Slings         | 3 |  3.5
Throwing       | 2 5 6 |  6.8

Action                   |  1- 3 |  4- 6 |  7- 9 | 10-12 || total
-------------------------+-------+-------+-------+-------++-------
Melee: Mace              |    89 |   114 |   362 |    71 ||   636
       Headbutt          |    12 |    20 |    66 |   179 ||   277
       Dire flail        |       |       |       |   689 ||   689
 Fire: Hunting sling     |       |       |     2 |       ||     2
Throw: Tomahawk          |       |       |       |     1 ||     1
Invok: Berserk           |     1 |     2 |     2 |     9 ||    14
       Trog's Hand       |       |       |     3 |     9 ||    12
       Burn Spellbooks   |       |       |     1 |     2 ||     3
  Use: Scroll            |       |       |    14 |     7 ||    21
       Potion            |       |       |       |     1 ||     1
  Eat: Chunk             |     1 |     8 |    17 |    24 ||    50
       Pizza             |       |       |       |     2 ||     2
       Beef jerky        |       |       |       |     1 ||     1
       Meat ration       |       |       |       |     1 ||     1
       Royal jelly       |       |       |       |     1 ||     1
Armor: Animal skin       |     7 |       |       |       ||     7
       Scale mail        |    12 |    23 |    47 |       ||    82
       Chain mail        |       |       |    52 |   297 ||   349
Dodge: Dodged            |    71 |    82 |   244 |   616 ||  1013
